 Dungeon Crawl Stone Soup version 0.29-a0-103-g37f86683bf (webtiles) character file.

Game seed: 17866741878689234983

39 cyrus the Skirmisher (level 3, -2/34 HPs)
             Began as a Naga Fighter on Feb 15, 2022.
             Was a Follower of Wu Jian.
             Slain by Terence (6 damage)
             ... on level 2 of the Dungeon.
             The game lasted 00:03:10 (2016 turns).

cyrus the Skirmisher (Naga Fighter)                 Turns: 2016, Time: 00:03:11

Health: -2/34      AC:  4    Str: 18    XL:     3   Next: 45%
Magic:  3/3        EV:  7    Int: 10    God:    Wu Jian [*.....]
Gold:   53         SH:  4    Dex: 10    Spells: 2/2 levels left

rFire   . . .      SeeInvis +   a - +0 trident
rCold   . . .      Faith    .   c - +0 buckler
rNeg    . . .      Spirit   .   b - +0 scale mail
rPois   +          Reflect  .   (no helmet)
rElec   .          Harm     .   (no cloak)
rCorr   .          Rampage  .   (no gloves)
Will    .....                   (no barding)
Stlth   ..........              (no amulet)
HPRegen 0.11/turn               (no ring)
MPRegen 0.08/turn               (no ring)

@: mighty, very slow
A: AC +1, large, see invisible, deformed body, poison resistance, slowness 2,
spit poison 1, naga tail 1
a: Spit Poison, Renounce Religion


You were on level 2 of the Dungeon.
You worshipped Wu Jian.
Wu Jian was aware of your devotion.
You visited 1 branch of the dungeon, and saw 2 of its levels.

You collected 53 gold pieces.

Inventory:

Hand Weapons
 a - a +0 trident (weapon)
Missiles
 e - a throwing net
Armour
 b - a +0 scale mail (worn)
 c - a +0 buckler (worn)
Scrolls
 f - a scroll of identify {unknown}
 h - a scroll of enchant weapon {unknown}
 i - a scroll of magic mapping {unknown}
Potions
 g - 2 potions of flight {unknown}
 j - a potion of mutation {unknown}
 k - a potion of berserk rage {unknown}


   Skills:
 + Level 3.2 Fighting
 + Level 2.6 Polearms
 + Level 2.8 Armour
 + Level 0.1 Dodging
 + Level 1.0 Stealth
 + Level 2.6 Shields


You had 2 spell levels left.
You didn't know any spells.
Your spell library was empty.

Dungeon Overview and Level Annotations

Branches:
Dungeon (2/15)

Altars:
Wu Jian

Annotations:
D:2 Robin, Terence


Innate Abilities, Weirdness & Mutations

Your serpentine skin is tough. (AC +1)
You have supernaturally acute eyesight. (SInv)
Armour fits poorly on your strangely shaped body.
Your system is resistant to poisons. (rPois)
You cover ground very slowly.
You can spit poison.
You have a snake-like lower body.


Message History

The Council accepts your kill. The goblin hits you but does no damage.
The goblin unwields a +0 dagger.
The goblin wields a +0 hunting sling.
The goblin shoots a stone.
The stone barely misses you.
You lunge at the goblin, in a flurry of attacks.
You impale the goblin!!
You kill the goblin!
The Council accepts your kill. Terence barely misses you.
The goblin hits you with a +0 dagger.
Terence hits you from afar with a +0 trident!
Your Stealth skill increases to level 1!
Things that are here:
a +0 dagger; a +0 dagger; a goblin corpse You lunge at Terence.
You hit Terence.
Terence is moderately wounded.
Terence hits you with a +0 trident.
Items here: ! ( )).
You hit Terence but do no damage.
Terence is moderately wounded.
The goblin hits you with a +0 dagger. Terence hits you with a +0 trident!
The goblin hits you but does no damage.
You hit Terence.
Terence is severely wounded.
Terence barely misses you. The goblin hits you but does no damage.
You block Terence's attack.
You hit Terence.
Terence is severely wounded.
The goblin no longer looks unusually strong.
The hobgoblin no longer looks unusually strong.
The goblin hits you but does no damage. Terence hits you with a +0 trident.
* * * LOW HITPOINT WARNING * * *
You barely miss Terence.
Terence is severely wounded.
The goblin barely misses you. Terence hits you with a +0 trident.
* * * LOW HITPOINT WARNING * * *
Unknown command.
You barely miss Terence.
Terence is severely wounded.
The goblin hits you but does no damage. Terence hits you with a +0 trident.
You die...

### #..<.#...
.....#...#..#.
#.............
####.#####.......
....#.....###...
#..#.........#.
#..###.#..####
...#g#####......#..####
....gg@@g..............
##..gg####.####......##
+..g ...# #.####.# #..
#.###. #......# #. # ..
#..##### # ...+..#
...#.#######+
####...#.....
###.#.....


You could see Terence, Robin, 3 hobgoblins and 3 goblins.

Vanquished Creatures
  2 dart slugs (D:1)
  5 ball pythons
  3 bats (D:1)
  3 endoplasms (D:1)
  4 goblins
  5 hobgoblins (D:1)
  3 jackals (D:1)
  2 quokkas (D:1)
  A frilled lizard (D:1)
  A kobold (D:1)
29 creatures vanquished.

Notes
Turn   | Place    | Note
-------+----------+-------------------------------------------
     0 | D:1      | cyrus the Naga Fighter began the quest for the Orb.
     0 | D:1      | Reached XP level 1. HP: 21/21 MP: 1/1
   308 | D:1      | Reached XP level 2. HP: 23/28 MP: 2/2
   704 | D:1      | Upgraded the game from 0.29-a0-100-g60f898f876 to
                  | 0.29-a0-103-g37f86683bf
  1048 | D:1      | Reached XP level 3. HP: 32/34 MP: 3/3
  1596 | D:1      | Found a faded altar of an unknown god.
  1611 | D:1      | Prayed at the altar of an unknown god.
  1611 | D:1      | Became a worshipper of the Wu Jian Council
  1611 | D:1      | Reached * piety under Wu Jian
  2003 | D:2      | Noticed Terence
  2003 | D:2      | Noticed Robin
  2011 | D:2      | Reached skill level 1 in Stealth
  2016 | D:2      | Slain by Terence

Illustrated notes

Levels and vault maps discovered:
D:1:      heliophobic_arrival_enchanted_forest, layout_basic,
          basic_ecumenical_altar, chequers_serial_rivers_room_b
D:2:      layout_basic, uniq_terence, uniq_jessica, uniq_robin

Skill      XL: |  1  2  3 |
---------------+----------+-----
Stealth        | 1 |  1.0
Fighting       | |  3.2
Polearms       | |  2.6
Armour         | |  2.8
Dodging        | |  0.1
Shields        | |  2.6

Action                   || total
-------------------------++-------
Melee: Trident           ||    95
Invok: Lunge             ||     4
  Use: Potion            ||     1
Armor: Scale mail        ||    44
Dodge: Dodged            ||    49
Block: Buckler           ||    15

Table legend: (Time is in decaauts)
 A = Elapsed time spent in this place.
 B = Non-inter-level travel time spent in this place.
 C = Inter-level travel time spent in this place.
 D = Time resting spent in this place.
 E = Time spent auto-exploring this place.
 F = Levels seen in this place.
 G = Mean time per level.
                   A        B        C        D        E       F      G
               +--------+--------+--------+--------+--------+-----+--------+
         Total |   2592 |   2472 |    120 |      0 |   2007 |   2 | 1296.0 |
       Dungeon |   2592 |   2472 |    120 |      0 |   2007 |   2 | 1296.0 |
               +--------+--------+--------+--------+--------+-----+--------+

Top non-repeatable levels by time:
     D:1: 2522 daAuts
     D:2: 70 daAuts
